 Dungeon Crawl Stone Soup version 0.30-a0-800-g7c544603b3 (webtiles) character file.

Game seed: 10608674692722326243

7079 dialectric the Carver (level 10, -9/79 HPs)
             Began as a Demonspawn Fighter on Feb 21, 2023.
             Was a High Priest of Okawaru.
             Killed from afar by a gargoyle (19 damage)
             ... with a stone arrow
             ... on level 11 of the Dungeon.
             The game lasted 00:20:03 (10125 turns).

dialectric the Carver (Demonspawn Fighter)         Turns: 10125, Time: 00:20:04

Health: -9/79      AC:  5    Str: 20    XL:     10   Next: 84%
Magic:  19/19      EV: 17    Int: 19    God:    Okawaru [*****.]
Gold:   1446       SH:  4    Dex: 20    Spells: 6/9 levels left

rFire   x . .      SeeInvis +    A - +5 trident of the End of Times {flame, MP+9 Str+4 Dex-4 SInv}
rCold   + . .      Faith    .    (no shield)
rNeg    + . .      Spirit   .    g - +0 leather armour of Indomitability {rF- Will- Int+6 Dex+8}
rPois   +          Reflect  .    (helmet restricted)
rElec   .          Harm     .    s - +0 cloak
rCorr   .          Rampage  .    (no gloves)
Will    .....                    x - +0 pair of boots
Stlth   +                        r - amulet of regeneration
HPRegen 1.13/turn                u - ring of the Jackalope {rPois rC+ rN+ Dex+2}
MPRegen 0.16/turn                (no ring)

@: studying Hexes
A: hooves 1, horns 2, condensation shield, demonic magic 1, weakness stinger 2,
MP-powered wands
a: Renounce Religion, Heroism, Finesse, Duel


You were on level 11 of the Dungeon.
You worshipped Okawaru.
Okawaru was extremely pleased with you.
You visited 2 branches of the dungeon, and saw 12 of its levels.

You collected 1446 gold pieces.

Inventory:

Hand Weapons
 a - a +0 long sword
 A - the +5 trident of the End of Times (weapon) {flame, MP+9 Str+4 Dex-4 SInv}
   (You found it on level 6 of the Dungeon)

   Str:       It affects your strength (+4).
   Dex:       It affects your dexterity (-4).
   MP:        It affects your magic capacity (+9).
   SInv:      It lets you see invisible.
Missiles
 o - 8 poisoned darts (quivered)
Armour
 b - a +0 scale mail
 c - a +0 buckler
 f - a +2 helmet
 g - the +0 leather armour of Indomitability (worn) {rF- Will- Int+6 Dex+8}
   (You found it on level 2 of the Dungeon)

   Int:       It affects your intelligence (+6).
   Dex:       It affects your dexterity (+8).
   rF:        It makes you vulnerable to fire.
   Will:      It decreases your willpower.
 s - a +0 cloak (worn)
 x - a +0 pair of boots (worn)
Jewellery
 l - an amulet of faith
 q - an amulet of guardian spirit
 r - an amulet of regeneration (around neck)
 u - the ring of the Jackalope (left hand) {rPois rC+ rN+ Dex+2}
   (You acquired it on level 3 of the Dungeon)

   [ring of protection from cold]

   Dex:       It affects your dexterity (+2).
   rC:        It protects you from cold.
   rPois:     It protects you from poison.
   rN:        It protects you from negative energy.
 D - a ring of poison resistance
Wands
 h - a wand of quicksilver (2)
 I - a wand of roots (8)
 K - a wand of digging (2)
Scrolls
 i - a scroll of identify
 k - 5 scrolls of fog
 n - a scroll of poison
 p - a scroll of magic mapping
 w - 3 scrolls of teleportation
 y - 2 scrolls of immolation
 B - 3 scrolls of enchant armour {unknown}
 C - a scroll of amnesia
 F - a scroll of vulnerability {unknown}
 J - a scroll of fear {unknown}
 L - a scroll of brand weapon {unknown}
Potions
 d - a potion of resistance {unknown}
 e - a potion of ambrosia {unknown}
 j - a potion of cancellation
 m - 4 potions of lignification
 t - a potion of attraction
 v - 7 potions of curing
 z - 2 potions of magic
 E - a potion of brilliance
 G - a potion of mutation
 H - 2 potions of heal wounds {unknown}


   Skills:
 - Level 7.0 Fighting
 - Level 10.1 Long Blades
 * Level 2.6 Polearms
 - Level 4.0 Armour
 + Level 8.3 Dodging
 - Level 4.1 Shields
 - Level 2.4 Evocations


You had 6 spell levels left.
You knew the following spells:

 Your Spells              Type           Power      Damage    Failure   Level
a - Inner Flame           Hex/Fire       0%         N/A       56%         3

Your spell library contained the following spells:

 Spells                   Type           Power      Damage    Failure   Level
 Beastly Appendage        Tmut           0%         N/A       24%         1
 Blink                    Tloc           0%         N/A       34%         2
 Lesser Beckoning         Tloc           0%         N/A       34%         2
 Momentum Strike          Conj/Tloc      0%         3d8       34%         2
 Wereblood                Tmut           0%         N/A       34%         2
 Ignite Poison            Fire/Tmut/Pois 0%         N/A       56%         3
 Spider Form              Tmut/Pois      0%         N/A       56%         3
 Cause Fear               Hex            0%         N/A       93%         4
 Flame Wave               Conj/Fire      0%         2d4       93%         4
 Sticky Flame             Conj/Fire      0%         2d3       93%         4
 Discord                  Hex            0%         N/A       100%        8
 Ignition                 Fire           0%         3d3       100%        8


Dungeon Overview and Level Annotations

Branches:
Dungeon (11/15)            Temple (1/1) D:4            Lair (0/5) D:8
    Orc (0/2) D:10

Altars:
Ashenzari
Cheibriados
Dithmenos
Fedhas
Gozag
Hepliaklqana
Kikubaaqudgha
Makhleb
Nemelex Xobeh
Okawaru
Qazlal
Ru
Sif Muna
Trog
Uskayaw
Vehumet
Wu Jian
Xom
Yredelemnul

Annotations:
D:10 Josephine


Innate Abilities, Weirdness & Mutations

You have large cloven feet.
You have a pair of horns on your head.
A meltable shield of frost defends you. (SH +4)
Spells you cast may paralyse adjacent enemies.
You have a tail ending in a sharp stinger.
You expend magic power (3 MP) to strengthen your wands.


Message History

The yak is moderately wounded.
The yak barely misses you.
You puncture the yak! You burn the yak. You headbutt the yak, but do no damage.
The yak is severely wounded.
The yak closely misses you.
You barely miss the yak. You headbutt the yak.
The yak is severely wounded.
You block the yak's attack. The yak gores you!
You hit the yak. You burn the yak.
The yak is almost dead.
The yak barely misses you.
You puncture the yak! You burn the yak.
You kill the yak!
Okawaru accepts your kill. Okawaru grants you a weapon!
Something appears at your feet!
You see here a +2 falchion of flaming.
The gargoyle misses you.
You hit the gargoyle. You burn the gargoyle.
The gargoyle is lightly damaged.
The gargoyle barely misses you.
You hit the gargoyle but do no damage. You headbutt the gargoyle.
The gargoyle is lightly damaged.
The gargoyle hits you with a +0 mace!
You hit the gargoyle but do no damage.
The gargoyle is lightly damaged.
The gargoyle hits you but does no damage.
You barely miss the gargoyle.
The gargoyle is lightly damaged.
The gargoyle hurls a stone arrow at you.
The stone arrow hits you!!
* * * LOW HITPOINT WARNING * * *
You hit the gargoyle but do no damage.
You tail-slap the gargoyle, but do no damage.
The gargoyle is lightly damaged.
The gargoyle closely misses you.
You puncture the gargoyle! You burn the gargoyle.
The gargoyle is severely damaged.
The gargoyle hurls a stone arrow at you.
The stone arrow hits you!!
You die...

..........
........ #
.###......#.#
........#.#.#
.........?..##
.............
#......9..#
#......@..#
..........#
..........#
.....!....#
#.........#
#.........#
..........#
......#....


You could see a gargoyle.

Vanquished Creatures
  A two-headed ogre (D:10)
  Pikel (D:7)
  A komodo dragon (D:7)
  A troll (D:9)
  A hornet (D:8)
  Prince Ribbit (D:6)
  A wyvern (D:7)
  A wraith (D:10)
  A yak (D:11)
  A steam dragon (D:9)
  2 wargs (D:9)
  Menkaure (D:7)
  A water moccasin (D:8)
  2 acid dragons
  A sky beast (D:8)
  An orc warrior (D:9)
  2 ice beasts (D:7)
  3 black bears
  7 centaurs
  2 ogres
  4 lemures (D:7)
  2 phantoms
  A kobold brigand (D:9)
  4 necrophages
  5 bullfrogs
  2 scorpions (D:6)
  5 wights (D:9)
  6 howler monkeys
  3 hounds
  4 orc priests
  2 gnoll boudas
  3 jellies
  Crazy Yiuf (D:4)
  8 iguanas
  Ijyb (D:4)
  9 orc wizards
  Natasha (thrice) (D:4)
  Robin (D:2)
  7 adders
  9 gnolls
  2 shadow imps (D:6)
  2 white imps
  3 ufetubi
  2 worms
  5 dart slugs
  31 orcs
  5 bats
  5 endoplasms
  A giant cockroach (D:1)
  16 goblins
  8 hobgoblins
  6 jackals
  4 quokkas
  4 ball pythons
  5 frilled lizards
  10 kobolds
  3 rats
224 creatures vanquished.

Vanquished Creatures (others)
  2 fungi (D:8)
  12 plants
14 creatures vanquished.

Grand Total: 238 creatures vanquished

Notes
Turn   | Place    | Note
-------+----------+-------------------------------------------
     0 | D:1      | dialectric the Demonspawn Fighter began the quest for the
                  | Orb.
     0 | D:1      | Reached XP level 1. HP: 18/18 MP: 1/1
    62 | D:1      | Reached skill level 2 in Long Blades
    94 | D:1      | Gained mutation: Spells you cast may paralyse adjacent
                  | enemies. [demonic ancestry]
    94 | D:1      | Reached XP level 2. HP: 23/24 MP: 2/2
   863 | D:2      | Noticed Robin
   889 | D:1      | Discovered your monstrous ancestry.
   889 | D:1      | Gained mutation: You have a pair of small horns on your
                  | head. [demonic ancestry]
   889 | D:1      | Reached XP level 3. HP: 27/29 MP: 3/3
   935 | D:2      | Killed Robin
  1214 | D:2      | Reached XP level 4. HP: 20/35 MP: 4/4
  1215 | D:2      | Reached skill level 3 in Long Blades
  1282 | D:2      | Identified the +0 leather armour of Indomitability {rF-
                  | Will- Int+6 Dex+8}
  1712 | D:3      | Identified 2 scrolls of acquirement
  1712 | D:3      | Acquired the ring of the Jackalope {rPois rC+ rN+ Dex+2}
  1843 | D:3      | Reached skill level 1 in Dodging
  2758 | D:4      | Acquired 909 gold pieces
  2889 | D:4      | Found a staircase to the Ecumenical Temple.
  2901 | Temple   | Entered the Ecumenical Temple
  3088 | Temple   | Became a worshipper of Warmaster Okawaru
  3351 | D:4      | Noticed a necrophage
  3351 | D:4      | Noticed Natasha
  3354 | D:4      | Noticed a phantom
  3407 | D:5      | Entered Level 5 of the Dungeon
  3445 | D:5      | Gained mutation: You have a small tail. [demonic ancestry]
  3445 | D:5      | Reached XP level 5. HP: 30/41 MP: 5/5
  3480 | D:5      | Reached skill level 4 in Long Blades
  3553 | D:5      | Gained mutation: You have a tail ending in a sharp stinger.
                  | [demonic ancestry]
  3553 | D:5      | Reached XP level 6. HP: 45/47 MP: 6/6
  3591 | D:5      | Gained mutation: Your magical capacity is low. (-10% MP)
                  | [potion of mutation]
  3591 | D:5      | Gained mutation: You have large cloven feet. [potion of
                  | mutation]
  3591 | D:5      | Lost mutation: Your magical capacity is low. (-10% MP)
                  | [potion of mutation]
  3591 | D:5      | Gained mutation: You expend magic power (3 MP) to
                  | strengthen your wands. [potion of mutation]
  3601 | D:5      | Reached skill level 5 in Long Blades
  3618 | D:5      | Reached * piety under Okawaru
  3620 | D:5      | Reached skill level 1 in Evocations
  3620 | D:5      | Gained mutation: You have a pair of horns on your head.
                  | [demonic ancestry]
  3620 | D:5      | Reached XP level 7. HP: 52/52 MP: 1/7
  4555 | D:4      | Found a runed translucent door.
  4556 | D:4      | Noticed Crazy Yiuf
  4618 | D:4      | You fall into a shaft and drop 3 floors!
  4697 | D:7      | Reached skill level 6 in Long Blades
  4741 | D:7      | Reached ** piety under Okawaru
  4919 | D:6      | Gained mutation: A meltable shield of frost defends you.
                  | (SH +4) [demonic ancestry]
  4919 | D:6      | Reached XP level 8. HP: 50/58 MP: 8/8
  5005 | D:6      | Reached skill level 5 in Dodging
  5032 | D:6      | Reached skill level 7 in Long Blades
  5281 | D:4      | Noticed Ijyb
  5300 | D:4      | Killed Ijyb
  5361 | D:4      | Reached *** piety under Okawaru
  5384 | D:4      | Killed Natasha
  5422 | D:4      | Noticed Natasha
  5430 | D:4      | Killed Natasha
  5452 | D:4      | Found a faded altar of an unknown god.
  5460 | D:4      | Found a broken altar of Ashenzari.
  5462 | D:4      | Found a faded altar of an unknown god.
  5464 | D:4      | Found a blossoming altar of Fedhas.
  5623 | D:4      | Noticed Natasha
  5633 | D:4      | Killed Natasha
  5707 | D:4      | Killed Crazy Yiuf
  5787 | D:6      | Noticed Pikel
  5874 | D:7      | Killed Pikel
  5875 | D:7      | Reached skill level 8 in Long Blades
  5875 | D:7      | Mutation became permanent: You have large cloven feet.
                  | [demonic ancestry]
  5875 | D:7      | Gained mutation: You have large cloven feet. [demonic
                  | ancestry]
  5875 | D:7      | Reached XP level 9. HP: 42/65 MP: 9/9
  5955 | D:7      | Noticed a komodo dragon
  5984 | D:7      | Reached **** piety under Okawaru
  5991 | D:7      | Killed a komodo dragon
  6288 | D:8      | Reached skill level 5 in Fighting
  6479 | D:8      | Found a staircase to the Lair.
  6827 | D:9      | Noticed a troll
  6834 | D:9      | Killed a troll
  6835 | D:9      | Reached skill level 9 in Long Blades
  6835 | D:9      | Reached XP level 10. HP: 74/74 MP: 3/10
  6914 | D:9      | Reached ***** piety under Okawaru
  7289 | D:9      | Noticed a two-headed ogre
  7291 | D:10     | Entered Level 10 of the Dungeon
  7395 | D:10     | Learned a level 3 spell: Inner Flame
  7680 | D:10     | Noticed Josephine
  7697 | D:10     | HP: 3/71 [Josephine/ghostly fireball (16)]
  7787 | D:10     | Killed a two-headed ogre
  7938 | D:9      | Found a shimmering blue altar of Sif Muna.
  8047 | D:9      | Identified the +0 chain mail "Xociteuq" {Int+4}
  8229 | D:9      | Noticed a centaur warrior
  8651 | D:6      | Reached skill level 10 in Long Blades
  8710 | D:6      | Noticed Prince Ribbit
  8730 | D:6      | Killed Prince Ribbit
  8751 | D:6      | Identified the +5 trident of the End of Times {flame, MP+9
                  | Str+4 Dex-4 SInv}
  9377 | D:7      | Noticed Menkaure
  9384 | D:7      | Killed Menkaure
  9482 | D:7      | Reached skill level 1 in Polearms
  9851 | D:10     | Found a staircase to the Orcish Mines.
  9887 | D:9      | HP: 3/79 [warg (7)]
 10114 | D:11     | Noticed a gargoyle
 10119 | D:11     | Received a gift from Okawaru
 10125 | D:11     | Killed from afar by a gargoyle

Illustrated notes

Levels and vault maps discovered:
D:1:      wheals_arrival_shading, layout_loops_ring
D:2:      layout_basic, uniq_robin
D:3:      layout_basic, minmay_starry_boxes
D:4:      layout_basic, chequers_temple_overflow_minitemple,
          minmay_temple_entry_large_hall, minmay_fractal_squares_diagonal_5,
          uniq_crazy_yiuf_cottage, uniq_natasha, uniq_ijyb
D:5:      layout_basic, minivault_24
D:6:      layout_layer_cave, uniq_prince_ribbit1, uniq_pikel
D:7:      cheibrodos_two_vegetables, layout_basic, minmay_lizard_king,
          uniq_menkaure
D:8:      layout_rooms, mainiacjoe_overflow_six_doors_small, dpeg_oklobed_lair,
          kennysheep_nondescript, minmay_liquid_box, minmay_manual_mares
D:9:      layout_irregular_city, mainiacjoe_overflow_alcove_1,
          minmay_misc_feat_alley, wad_dig_loot
D:10:     layout_layer_cave, minmay_orc_entry_guard_dogs, kennysheep_nub,
          kennysheep_path_1, uniq_josephine
D:11:     layout_rooms, nicolae_trove_entry_crossroad, hangedman_weighted_door,
          nicolae_hepliaklqana_hippocampus
Temple:   bh_familiar_temple

Skill      XL: |  1  2  3  4  5  6  7  8  9 10 |
---------------+-------------------------------+-----
Armour         | 3 4 |  4.0
Long Blades    | 2 3 4 5 6 8 9 10 | 10.1
Dodging        | 1 2 4 6 7 8 |  8.3
Evocations     | 1 2 |  2.4
Fighting       | 4 5 7 |  7.0
Shields        | 3 4 |  4.1
Polearms       | 2 |  2.6

Action                     |  1- 3 |  4- 6 |  7- 9 | 10-12 || total
---------------------------+-------+-------+-------+-------++-------
  Melee: Long sword        |   118 |   123 |   263 |   181 ||   685
         Punch             |     2 |     4 |     4 |     4 ||    14
         Headbutt          |     5 |    23 |    65 |    70 ||   163
         Tailslap          |       |     9 |    47 |    41 ||    97
         Trident           |       |       |       |    54 ||    54
  Throw: Dart              |     6 |       |     5 |     3 ||    14
  Evoke: Wand              |       |     6 |    13 |     3 ||    22
    Use: Potion            |     1 |     3 |     1 |     3 ||     8
         Scroll            |       |     6 |     5 |     7 ||    18
   Stab: Sleeping          |       |       |       |     2 ||     2
 Armour: Scale mail        |    86 |    99 |    20 |       ||   205
         Skin              |       |     7 |     2 |       ||     9
         Leather armour    |       |       |    63 |    29 ||    92
  Dodge: Dodged            |    77 |    71 |   266 |   215 ||   629
  Block: Other             |       |       |    33 |    41 ||    74

Table legend: (Time is in decaauts)
 A = Elapsed time spent in this place.
 B = Non-inter-level travel time spent in this place.
 C = Inter-level travel time spent in this place.
 D = Time resting spent in this place.
 E = Time spent auto-exploring this place.
 F = Levels seen in this place.
 G = Mean time per level.
                   A        B        C        D        E       F      G
               +--------+--------+--------+--------+--------+-----+--------+
         Total |  10257 |   9549 |    708 |    514 |   6624 |  12 |  854.8 |
       Dungeon |  10043 |   9377 |    666 |    514 |   6465 |  11 |  913.0 |
        Temple |    213 |    171 |     42 |      0 |    159 |   1 |  213.0 |
               +--------+--------+--------+--------+--------+-----+--------+

Top non-repeatable levels by time:
     D:4: 1241 daAuts
     D:7: 1233 daAuts
     D:3: 1176 daAuts
     D:9: 1132 daAuts
     D:6: 1087 daAuts
     D:5: 977 daAuts
     D:2: 906 daAuts
     D:1: 883 daAuts
    D:10: 729 daAuts
     D:8: 663 daAuts
  Temple: 213 daAuts
    D:11: 12 daAuts
